 Dungeon Crawl Stone Soup version 0.30.0 (webtiles) character file.

Game seed: 18267995383164997238

5037 Jarnaxa the Thaumaturge (level 10, -3/50 HPs)
             Began as a Deep Elf Earth Elementalist on May 6, 2023.
             Was a Believer of Vehumet.
             Slain by a yak (10 damage)
             ... on level 8 of the Dungeon.
             The game lasted 00:24:26 (7424 turns).

Jarnaxa the Thaumaturge (DEEE)                      Turns: 7424, Time: 00:24:27

Health: -3/50      AC:  4    Str:  5    XL:     10   Next: 30%
Magic:  22/28      EV: 12    Int: 25    God:    Vehumet [**....]
Gold:   405        SH:  0    Dex: 15    Spells: 21/34 levels left

rFire   . . .        (no weapon)
rCold   . . .        (no shield)
rNeg    . . .        a - +0 robe
rPois   .            (no helmet)
rElec   .            (no cloak)
rCorr   .            (no gloves)
SInv    .            n - +1 pair of boots
Will    +....        (no amulet)
Stlth   ++           (no ring)
HPRegen 0.28/turn    (no ring)
MPRegen 0.21/turn

%: no passive effects
@: no status effects
A: no striking features
a: Renounce Religion


You were on level 8 of the Dungeon.
You worshipped Vehumet.
Vehumet was pleased with you.
You visited 1 branch of the dungeon, and saw 8 of its levels.

You collected 405 gold pieces.

Inventory:

Armour
 a - a +0 robe (worn)
 n - a +1 pair of boots (worn)
Jewellery
 c - a ring of see invisible
Wands
 f - a wand of charming (3)
 g - a wand of iceblast (11)
Scrolls
 h - a scroll of identify
 i - a scroll of silence
 j - a scroll of immolation
Potions
 b - 2 potions of might
 d - 4 potions of curing
 e - 3 potions of mutation
 l - 2 potions of lignification
 m - 2 potions of resistance


   Skills:
 - Level 2.4 Dodging
 - Level 2.4 Stealth
 + Level 12.6 Spellcasting
 * Level 7.5 Conjurations
 + Level 1.1 Transmutations
 + Level 1.2 Air Magic
 * Level 10.9 Earth Magic
 + Level 1.0 Poison Magic
 + Level 0.2 Evocations


You had 21 spell levels left.
You knew the following spells:

 Your Spells              Type           Power      Damage    Failure   Level
a - Sandblast             Erth           100%       2d20      1%          1
b - Stone Arrow           Conj/Erth      100%       3d13      1%          3
c - Mephitic Cloud        Conj/Pois/Air  32%        N/A       3%          3
d - Fulminant Prism       Conj/Hex       17%        3d10      9%          4
e - Static Discharge      Conj/Air       74%        2-6/arc   1%          2

Your spell library contained the following spells:

 Spells                   Type           Power      Damage    Failure   Level
 Momentum Strike          Conj/Tloc      68%        3d9       1%          2
 Magic Dart               Conj           100%       1d8       1%          1
 Passwall                 Tmut/Erth      37%        N/A       1%          2
 Searing Ray              Conj           100%       2d8       1%          2
 Poisonous Vapours        Pois/Air       42%        N/A       3%          2
 Petrify                  Tmut/Erth      45%        N/A       3%          4
 Animate Armour           Summ/Erth      86%        N/A       4%          4
 Irradiate                Conj/Tmut      18%        3d17      19%         5
 Airstrike                Air            11%        2d(2-18)  22%         4
 Summon Lightning Spire   Summ/Air       19%        N/A       28%         4
 Freezing Cloud           Conj/Ice/Air   15%        6-21      30%         5
 Blade Hands              Tmut           10%        N/A       54%         5
 Lehudib's Crystal Spear  Conj/Erth      29%        10d8      99%         8
 Dragon Form              Tmut           10%        N/A       100%        7


Dungeon Overview and Level Annotations

Branches:
Dungeon (8/15)             Temple (0/1) D:7
   Lair: D:8-11

Altars:
Elyvilon
Makhleb
Sif Muna
Vehumet
Wu Jian
Xom


Message History

You hear the creaking of a distant portcullis.
The blast of sand hits the wight!
The wight is heavily damaged.
The blast of sand hits the wight!
You destroy the wight!
Vehumet accepts your kill.
You feel your power returning.
A wight comes into view. It is wielding a +0 spear.
The blast of sand hits the yak!
The yak is moderately wounded.
The yak completely misses you. The yak misses you.
The blast of sand hits the yak.
The yak is moderately wounded.
The yak barely misses you. The yak gores you.
Casting: Sandblast (safe; 1% risk of failure)
Confirm with . or Enter, or press ? or * to list all spells.
The yak is struck by an arc of lightning.
The yak is heavily wounded.
The yak is struck by an arc of lightning.
The yak is lightly wounded.
The yak is struck by an arc of lightning.
The yak is severely wounded.
You are struck by an arc of lightning.
The lightning grounds out.
The yak bellows!
The yak gores you! x2
* * * LOW HITPOINT WARNING * * *
Casting: Static Discharge (safe; 1% risk of failure)
Confirm with . or Enter, or press ? or * to list all spells.
The yak is struck by an arc of lightning.
The yak is moderately wounded.
The yak is struck by an arc of lightning.
The yak is severely wounded.
You are struck by an arc of lightning.
* * * LOW HITPOINT WARNING * * *
The yak is struck by an arc of lightning.
The yak is almost dead.
The yak is struck by an arc of lightning.
The yak is moderately wounded.
The lightning grounds out.
The yak gores you!
You die...

#..##.# ...
#...!# ....
#..Y###..#
#..)....#
#..Yz####
####z# #o#
#Y#### .# ####
#@Y..# #.# #...
####.# ##.$#
#..( #.# #..#
#... #.###.###
#... #.).....#
#... #.......#
#...
#.......####...
#.........##..[
#####.#........


You could see 4 yaks, an orc warrior and 2 wights.

Vanquished Creatures
  A two-headed ogre (D:8)
  A hornet (D:7)
  Sigmund (D:3)
  3 yaks
  A wyvern (D:7)
  A steam dragon (D:4)
  A water moccasin (D:6)
  Duvessa (D:4)
  An orc warrior (D:8)
  An ice beast (D:8)
  5 black bears
  An ogre (D:5)
  A centaur (D:8)
  2 phantoms
  A kobold brigand (D:8)
  2 bullfrogs
  A gnoll sergeant (D:7)
  3 scorpions (D:6)
  18 wights
  Dowan (D:4)
  6 killer bees (D:7)
  A howler monkey (D:6)
  A hound (D:5)
  An orc priest (D:5)
  2 gnoll boudas
  3 orc wizards
  5 iguanas
  16 gnolls
  8 adders
  A shadow imp (D:8)
  4 white imps
  3 ufetubi
  3 worms
  6 dart slugs
  12 orcs
  14 endoplasms
  11 giant cockroaches
  10 goblins
  7 hobgoblins
  3 jackals (D:1)
  5 kobolds
  7 quokkas
  6 ball pythons
  3 bats
  3 frilled lizards
  9 rats
197 creatures vanquished.

Vanquished Creatures (others)
  2 yaks (D:6)
  An orc wizard (D:8)
3 creatures vanquished.

Grand Total: 200 creatures vanquished

Notes
Turn   | Place    | Note
-------+----------+-------------------------------------------
     0 | D:1      | Jarnaxa the Deep Elf Earth Elementalist began the quest for
                  | the Orb.
     0 | D:1      | Reached XP level 1. HP: 10/10 MP: 6/6
     2 | D:1      | Found a runed translucent door.
    77 | D:1      | Reached XP level 2. HP: 8/15 MP: 4/8
   319 | D:1      | Reached XP level 3. HP: 4/19 MP: 1/10
   870 | D:2      | Reached skill level 4 in Spellcasting
   986 | D:2      | Reached XP level 4. HP: 20/24 MP: 7/12
  1403 | D:2      | Reached skill level 5 in Spellcasting
  1403 | D:2      | Reached skill level 5 in Earth Magic
  1810 | D:3      | Noticed Sigmund
  1916 | D:3      | Learned a level 3 spell: Stone Arrow
  1927 | D:3      | Killed Sigmund
  1928 | D:3      | Reached skill level 6 in Spellcasting
  1928 | D:3      | Reached skill level 1 in Conjurations
  1928 | D:3      | Reached XP level 5. HP: 28/28 MP: 10/15
  1928 | D:3      | Reached XP level 6. HP: 32/32 MP: 11/17
  2503 | D:4      | Noticed Duvessa
  2503 | D:4      | Noticed Dowan
  2507 | D:4      | Killed Duvessa
  2508 | D:4      | Reached skill level 7 in Spellcasting
  2515 | D:4      | Killed Dowan
  2516 | D:4      | Reached XP level 7. HP: 36/36 MP: 15/19
  2887 | D:4      | Reached skill level 8 in Spellcasting
  3270 | D:4      | Noticed a steam dragon
  3274 | D:4      | Killed a steam dragon
  3275 | D:4      | Reached XP level 8. HP: 38/41 MP: 12/22
  3400 | D:5      | Entered Level 5 of the Dungeon
  3438 | D:5      | Found a shimmering altar of Xom.
  3441 | D:5      | Found an ornate altar of the Wu Jian Council.
  3815 | D:5      | Reached skill level 9 in Spellcasting
  3816 | D:5      | Reached skill level 5 in Conjurations
  4416 | D:5      | Found a shimmering blue altar of Sif Muna.
  4662 | D:6      | Reached skill level 10 in Spellcasting
  4841 | D:6      | Reached XP level 9. HP: 45/45 MP: 22/25
  4874 | D:6      | Found a white marble altar of Elyvilon.
  5013 | D:6      | Found a radiant altar of Vehumet.
  5220 | D:6      | Became a worshipper of Vehumet
  5776 | D:6      | Learned a level 3 spell: Mephitic Cloud
  5781 | D:6      | Learned a level 4 spell: Fulminant Prism
  5831 | D:7      | Reached skill level 11 in Spellcasting
  5833 | D:7      | Reached * piety under Vehumet
  5833 | D:7      | Offered knowledge of Foxfire by Vehumet.
  6601 | D:7      | Found a staircase to the Ecumenical Temple.
  6608 | D:7      | Learned a level 2 spell: Static Discharge
  6725 | D:7      | Reached skill level 12 in Spellcasting
  6856 | D:7      | Reached skill level 10 in Earth Magic
  7154 | D:8      | Reached XP level 10. HP: 9/50 MP: 14/28
  7264 | D:8      | Noticed a two-headed ogre
  7275 | D:8      | Killed a two-headed ogre
  7275 | D:8      | Offered knowledge of Momentum Strike by Vehumet.
  7276 | D:8      | Reached skill level 1 in Poison Magic
  7360 | D:8      | Found a burning altar of Makhleb.
  7375 | D:8      | Reached ** piety under Vehumet
  7415 | D:8      | Reached skill level 1 in Air Magic
  7424 | D:8      | Slain by a yak

Illustrated notes

Levels and vault maps discovered:
D:1:      dpeg_arrival_caged_fury, layout_rooms
D:2:      layout_basic, minmay_misc_feat_nine_boxes, minmay_misc_feat_plants,
          grunt_ministairs_1, kennysheep_potato
D:3:      layout_basic, uniq_sigmund
D:4:      dreamdust_elfheim, layout_basic
D:5:      layout_basic, nicolae_sif_muna_little_library, minitemple,
          serial_glass, glass_columns_a, glass_columns_a
D:6:      layout_cave_pools, elyvilon_altar_1, fiery_altar_vehumet
D:7:      layout_gridville, minmay_temple_entry_statues_pillars
D:8:      layout_rooms, enter_bailey_2, minmay_ruined_shrine

Skill      XL: |  1  2  3  4  5  6  7  8  9 10 |
---------------+-------------------------------+-----
Earth Magic    | 4 5 6 7 8 10 | 10.9
Spellcasting   | 4 6 7 8 10 12 | 12.6
Conjurations   | 1 2 4 5 7 |  7.5
Poison Magic   | 1 |  1.0
Air Magic      | 1 |  1.2
Dodging        | |  2.4
Stealth        | |  2.4
Transmutations | |  1.1
Evocations     | |  0.2

Action                     |  1- 3 |  4- 6 |  7- 9 | 10-12 || total
---------------------------+-------+-------+-------+-------++-------
  Melee: Unarmed           |       |       |     1 |       ||     1
   Cast: Sandblast         |    52 |    41 |   116 |    19 ||   228
         Stone Arrow       |       |     9 |    55 |    10 ||    74
         Mephitic Cloud    |       |       |     6 |     1 ||     7
         Static Discharge  |       |       |     2 |     2 ||     4
  Evoke: Wand              |       |       |     7 |       ||     7
    Use: Potion            |       |     1 |     4 |     1 ||     6
         Scroll            |       |       |    18 |     1 ||    19
 Armour: Robe              |     3 |     6 |     9 |     2 ||    20
  Dodge: Dodged            |    16 |    14 |    49 |     8 ||    87
